 Dungeon Crawl Stone Soup version 0.31-a0-325-g067879e3d3 (webtiles) character file.

Game seed: 14245101572106344867

1436 AdnanSaban the Cudgeller (level 8, -3/51 HPs)
             Began as a Gargoyle Fighter on July 18, 2023.
             Slain by a wyvern (12 damage)
             ... on level 7 of the Dungeon.
             The game lasted 00:06:45 (5315 turns).

AdnanSaban the Cudgeller (Gargoyle Fighter)         Turns: 5315, Time: 00:06:46

Health: -3/51      AC: 16    Str: 23    XL:     8   Next: 73%
Magic:  0/8        EV:  9    Int:  8    God:
Gold:   262        SH:  4    Dex:  9    Spells: 7/7 levels left

rFire   . . .        a - +0 flail
rCold   . . .        c - +0 buckler
rNeg    + . .        b - +0 scale mail
rPois   ∞            (no helmet)
rElec   +            (no cloak)
rCorr   .            m - +2 pair of gloves of Juadypin {Regen+}
SInv    .            (no boots)
Will    .....        l - amulet of guardian spirit Stlth
                     (no ring)
HPRegen 1.08/turn    (no ring)
MPRegen 0.11/turn

%: guardian spirit
@: no status effects
A: sickness immunity, AC +5, negative energy resistance 1, electricity
resistance, torment resistance 1, petrification resistance
a: no special abilities


You were on level 7 of the Dungeon.
You visited 1 branch of the dungeon, and saw 7 of its levels.
You also visited: Sewer.

You collected 262 gold pieces.

Inventory:

Hand Weapons
 a - a +0 flail (weapon)
Armour
 b - a +0 scale mail (worn)
 c - a +0 buckler (worn)
 m - the +2 pair of gloves of Juadypin (worn) {Regen+}
   (You found it on level 2 of the Dungeon)

   Regen:     It increases your rate of health regeneration.
Jewellery
 l - an amulet of guardian spirit (around neck)
Scrolls
 e - 2 scrolls of noise {unknown}
 g - 3 scrolls of poison {unknown}
 i - 2 scrolls of blinking {unknown}
 j - 2 scrolls of enchant armour {unknown}
 o - 8 scrolls of identify {unknown}
 p - a scroll of enchant weapon {unknown}
 q - 5 scrolls of immolation {unknown}
 r - 2 scrolls of torment {unknown}
 t - a scroll of summoning {unknown}
 u - a scroll of brand weapon {unknown}
 x - a scroll of amnesia {unknown}
 y - a scroll of acquirement {unknown}
Potions
 d - 2 potions of might
 f - a potion of attraction {unknown}
 h - a potion of ambrosia {unknown}
 k - 2 potions of degeneration {unknown}
 n - 2 potions of curing {unknown}
 s - a potion of resistance {unknown}
 v - a potion of lignification {unknown}
 w - 3 potions of mutation {unknown}
 z - a potion of heal wounds {unknown}


   Skills:
 + Level 5.9 Fighting
 + Level 7.7 Maces & Flails
 + Level 6.0 Armour
 + Level 5.1 Shields


You had 7 spell levels left.
You didn't know any spells.
Your spell library contained the following spells:

 Spells                   Type           Power      Damage    Failure   Level
 Frozen Ramparts          Ice            0%         1d1       98%         3
 Petrify                  Tmut/Erth      0%         N/A       100%        4
 Metabolic Englaciation   Hex/Ice        0%         N/A       100%        5


Dungeon Overview and Level Annotations

Branches:
Dungeon (7/15)              Sewer (visited)
 Temple: D:4-7

Altars:
Kikubaaqudgha
Ru
Trog
Uskayaw
Zin

Annotations:
D:3 2 transporters, tensugalgo's ghost, amateur MfSh


Innate Abilities, Weirdness & Mutations

You are immune to sickness and miasma.
Your stone body is resilient. (AC +5)
You are immune to poison.
You resist negative energy. (rN+)
You are resistant to electric shocks. (rElec)
You are resistant to unholy torment.
You are immune to petrification.


Message History

Beogh smites you!
There is a stone staircase leading up here.
The wyvern bites you.
* * * LOW HITPOINT WARNING * * *
The wyvern attacks as you move away! You block the wyvern's attack.
The orc priest looks braver for a moment.
A puff of flame appears from out of thin air!
The puff of flame misses you.
The orc priest hits you but does no damage.
The wyvern bites you but does no damage.
The orc priest hits you but does no damage.
Something hits you but does no damage. The wyvern completely misses you.
The orc priest attacks as you move away!
You block the orc priest's attack. The wyvern attacks as you move away!
The wyvern misses you.
An orc wizard appears from thin air!
Reactivating autopickup.
The orc wizard gestures at you while chanting.
You resist with some effort.
There is a stone staircase leading up here.
You sock the orc wizard!
You kill the orc wizard!
The wyvern barely misses you.
The orc priest looks satisfied for a moment.
The wyvern bites you!
* * * LOW HITPOINT WARNING * * *
Your Armour skill increases to level 6!
The wyvern bites you.
* * * LOW HITPOINT WARNING * * *
The wyvern attacks as you move away! The wyvern bites you.
* * * LOW HITPOINT WARNING * * *
The wyvern attacks as you move away! The wyvern bites you.
* * * LOW HITPOINT WARNING * * *
The wyvern closely misses you. The wyvern attacks as you move away!
The wyvern misses you.
The wyvern bites you but does no damage.
The wyvern attacks as you move away! The wyvern misses you.
The wyvern bites you but does no damage.
You see here 21 gold pieces.
The wyvern bites you!
You die...

### ## ..# #...
#.# #... #.#####
#... #####.....#
#...###.#<......#
#........@#.....#
#.......l)..##+##
.#....$....#
#.#....o..##.# #
#.#...)....#
#.#.#.##<######
#...............
####.>..........
............#.##


You could see a wyvern and an orc priest.

Vanquished Creatures
  Sigmund (D:4)
  A steam dragon (D:6)
  Menkaure (D:4)
  2 ice beasts (D:5)
  A bullfrog (D:6)
  2 jellies (D:5)
  A hound (D:6)
  2 orc priests
  2 sleepcaps (D:5)
  4 orc wizards
  6 iguanas
  17 adders
  2 river rats (Sewer)
  A shadow imp (D:5)
  An ufetubus (D:4)
  7 worms
  7 dart slugs
  9 orcs
  11 endoplasms
  3 giant cockroaches
  8 goblins
  5 hobgoblins
  5 jackals
  7 kobolds
  A quokka (D:4)
  10 ball pythons
  9 bats
  7 frilled lizards
  9 rats
142 creatures vanquished.

Notes
Turn   | Place    | Note
-------+----------+-------------------------------------------
     0 | D:1      | AdnanSaban the Gargoyle Fighter began the quest for the
                  | Orb.
     0 | D:1      | Reached XP level 1. HP: 14/14 MP: 1/1
   106 | D:1      | Reached XP level 2. HP: 13/19 MP: 2/2
   447 | D:1      | Reached XP level 3. HP: 24/24 MP: 3/3
  1099 | D:2      | Reached XP level 4. HP: 29/29 MP: 4/4
  1101 | D:2      | Reached skill level 3 in Maces & Flails
  1265 | D:2      | Identified the +2 pair of gloves of Juadypin {Regen+}
  1519 | D:2      | Identified the scarf "Nuoq" {harm, *Slow rPois Dex+3}
  1533 | D:2      | Reached XP level 5. HP: 33/33 MP: 5/5
  1554 | D:2      | Found a faded altar of an unknown god.
  2121 | D:3      | Found a hide-covered altar of Uskayaw.
  2234 | D:3      | Found a transporter.
  2240 | D:3      | Noticed tensugalgo's ghost (amateur MfSh)
  2259 | D:3      | Found a transporter.
  2882 | D:4      | Noticed Sigmund
  2899 | D:4      | Killed Sigmund
  2900 | D:4      | Reached skill level 4 in Maces & Flails
  2900 | D:4      | Reached XP level 6. HP: 36/39 MP: 4/6
  2982 | D:4      | Noticed Menkaure
  2992 | D:4      | Killed Menkaure
  2993 | D:4      | Reached skill level 5 in Maces & Flails
  2993 | D:4      | Reached XP level 7. HP: 38/44 MP: 4/7
  3075 | D:4      | Found a glowing silver altar of Zin.
  3410 | D:5      | Entered Level 5 of the Dungeon
  3456 | D:5      | Reached skill level 5 in Armour
  3523 | D:5      | Found an ancient bone altar of Kikubaaqudgha.
  3548 | D:5      | Found a bloodstained altar of Trog.
  3582 | D:5      | Reached skill level 6 in Maces & Flails
  3609 | D:5      | Found a glowing drain.
  3631 | Sewer    | Entered a sewer
  3680 | Sewer    | Reached skill level 5 in Fighting
  4107 | D:5      | Reached XP level 8. HP: 35/49 MP: 4/8
  4235 | D:5      | Found a sacrificial altar of Ru.
  4672 | D:5      | Reached skill level 7 in Maces & Flails
  4968 | D:6      | Reached skill level 5 in Shields
  5258 | D:6      | Noticed a yak
  5258 | D:6      | Noticed a yak
  5258 | D:6      | Noticed a yak
  5258 | D:6      | Noticed a yak
  5258 | D:6      | Noticed a yak
  5258 | D:6      | Noticed a yak
  5272 | D:7      | Noticed a wyvern
  5309 | D:7      | HP: 2/51 [wyvern (6)]
  5315 | D:7      | Slain by a wyvern

Illustrated notes

Levels and vault maps discovered:
D:1:      onia_arrival_handbag, layout_basic, st_stairs_4
D:2:      minmay_inner_zag, layout_loops_corners, basic_ecumenical_altar,
          minmay_divided_ellipse
D:3:      layout_basic, mainiacjoe_overflow_surrounded_room,
          gammafunk_ghost_stat_death, minmay_strange_pillars,
          minmay_misc_feat_encased, patterned_corridor
D:4:      layout_gridville, lemuel_round_altar, uniq_sigmund, uniq_menkaure
D:5:      layout_gridville, nicolae_ru_great_annihilating_truth,
          nicolae_overflow_squiral, cheibrodos_sewer_entry_drain
D:6:      layout_basic, minmay_misc_feat_roman
D:7:      layout_basic, minmay_temple_entry_statues_fountains, uniq_joseph

Skill      XL: |  1  2  3  4  5  6  7  8 |
---------------+-------------------------+-----
Maces & Flails | 3 4 5 6 7 |  7.7
Fighting       | 4 5 |  5.9
Armour         | 4 5 6 |  6.0
Shields        | 4 5 |  5.1

Action                     |  1- 3 |  4- 6 |  7- 9 || total
---------------------------+-------+-------+-------++-------
  Melee: Flail             |   124 |   188 |   305 ||   617
 Armour: Scale mail        |    68 |   116 |   228 ||   412
  Dodge: Dodged            |    57 |    97 |   182 ||   336
  Block: Buckler           |    27 |    38 |    81 ||   146

Table legend: (Time is in decaauts)
 A = Elapsed time spent in this place.
 B = Non-inter-level travel time spent in this place.
 C = Inter-level travel time spent in this place.
 D = Time resting spent in this place.
 E = Time spent auto-exploring this place.
 F = Levels seen in this place.
 G = Mean time per level.
                   A        B        C        D        E       F      G
               +--------+--------+--------+--------+--------+-----+--------+
         Total |   5489 |   5152 |    337 |      5 |   3858 |   8 |  686.1 |
       Dungeon |   5083 |   4746 |    337 |      5 |   3613 |   7 |  726.1 |
         Sewer |    406 |    406 |      0 |      0 |    245 |   1 |  406.0 |
               +--------+--------+--------+--------+--------+-----+--------+

Top non-repeatable levels by time:
     D:2: 1271 daAuts
     D:5: 1035 daAuts
     D:1: 844 daAuts
     D:4: 697 daAuts
     D:3: 697 daAuts
     D:6: 489 daAuts
   Sewer: 406 daAuts
     D:7: 47 daAuts
